Map: Zen LE

Players

SKillous - Winner!

  • Race: Protoss Protoss
  • League: Grandmaster
  • Spawn Location: 1:00

Kelazhur

  • Race: Terran Terran
  • Spawn Location: 7:00

VOD

Have the link to the VOD?

Description

Time

  • Played on: Jan. 13, 2020, 3:14 p.m.
  • Length: 15:18
Show
View Real Time Build Order
Export as new Build Order

SKillous Protoss - Winner!

Build Orders:  

Get SALT Encoding   

  12  0:00  Probe  
  13  0:12  Probe  
  14  0:17  Pylon  
  14  0:25  Probe  
  15  0:35  Gateway  
  15  0:37  Probe (Chrono Boost)  
  16  0:46  Probe (Chrono Boost), Assimilator  
  17  0:51  Probe (Chrono Boost)  
  18  1:03  Probe  
  19  1:15  Probe  
  20  1:22  Cybernetics Core  
  20  1:34  Zealot (Chrono Boost)  
  20  1:35  Probe  
  20  1:36  Pylon  
  23  1:49  Pylon  
  23  1:54  Probe  
  23  1:58  Stalker (Chrono Boost)  
  26  2:06  Warp Gate, Probe  
  26  2:18  Probe  
  26  2:23  Stalker (Chrono Boost)  
  28  2:31  Probe  
  29  2:41  Assimilator  
  29  2:43  Probe  
  30  2:49  Stalker  
  31  2:55  Probe  
  32  3:07  Probe  
  32  3:10  Pylon  
  33  3:14  Robotics Facility  
  33  3:19  Probe  
  34  3:26  Nexus  
  34  3:31  Probe  
  33  3:42  Gateway  
  33  3:45  Gateway  
  33  3:55  Sentry  
  36  3:58  Pylon  
  36  4:09  Warp Prism (Chrono Boost)  
  35  4:14  Probe  
  38  4:26  Probe  
  38  4:28  Stalker  
  41  4:37  Observer (Chrono Boost)  
  43  4:38  Probe  
  43  4:40  Stalker  
  43  4:44  Stalker  
  47  4:48  Probe  
  47  4:50  Observer (Chrono Boost)  
  50  4:52  Probe  
  50  4:58  Stalker  
  50  5:01  Probe  
  50  5:16  Zealot x2  
  50  5:27  Probe (Chrono Boost)  
  50  5:33  Probe (Chrono Boost)  
  51  5:36  Probe (Chrono Boost)  
  51  5:40  Probe (Chrono Boost)  
  49  5:46  Warp Prism  
  46  5:58  Probe (Chrono Boost)  
  46  6:00  Probe (Chrono Boost)  
  46  6:02  Stalker x2  
  46  6:03  Stalker  
  51  6:10  Probe (Chrono Boost)  
  53  6:12  Probe (Chrono Boost)  
  53  6:15  Probe (Chrono Boost)  
  54  6:20  Probe  
  54  6:23  Pylon  
  55  6:26  Probe  
  55  6:29  Twilight Council, Observer  
  55  6:30  Forge  
  55  6:32  Probe  
  58  6:38  Probe  
  57  6:41  Assimilator  
  57  6:44  Probe  
  57  6:45  Assimilator  
  58  6:50  Probe  
  58  6:51  Zealot x3  
  65  6:54  Pylon  
  65  6:55  Pylon  
  65  6:57  Probe  
  64  7:11  Protoss Ground Armor Level 1 (Chrono Boost)  
  64  7:15  Stalker x2  
  61  7:16  Stalker  
  61  7:17  Probe  
  61  7:22  Probe  
  61  7:25  Charge (Chrono Boost)  
  61  7:29  Probe  
  60  7:41  Zealot x3  
  65  7:45  Nexus  
  65  7:48  Pylon  
  63  7:53  Probe  
  63  7:54  Probe  
  56  8:05  Probe  
  56  8:06  Probe  
  56  8:12  Gateway  
  57  8:13  Gateway  
  57  8:16  Observer (Chrono Boost)  
  57  8:17  Probe  
  59  8:30  Gateway  
  59  8:33  Probe, Gateway  
  60  8:34  Templar Archives  
  60  8:35  Probe  
  61  8:45  Probe  
  62  8:51  Probe, Gateway  
  63  8:59  Protoss Ground Armor Level 2 (Chrono Boost)  
  63  9:00  Sentry x2, Zealot  
  63  9:01  Probe  
  71  9:05  Photon Cannon  
  71  9:06  Photon Cannon  
  71  9:09  Photon Cannon  
  72  9:22  Probe x2 (Chrono Boost)  
  71  9:25  Probe (Chrono Boost)  
  71  9:28  Probe (Chrono Boost)  
  71  9:29  Probe (Chrono Boost)  
  72  9:37  Probe (Chrono Boost), Stalker x2  
  77  9:42  Probe (Chrono Boost)  
  77  9:43  Probe (Chrono Boost)  
  78  9:46  Probe (Chrono Boost)  
  78  9:49  High Templar x4  
  78  9:50  Zealot  
  78  9:51  Zealot  
  90  9:53  Archon x2  
  90  9:55  Probe  
  90  9:57  Pylon  
  89  10:03  Probe  
  89  10:04  Pylon  
  89  10:06  High Templar  
  92  10:07  High Templar, Zealot  
  92  10:11  Archon  
  92  10:13  Probe  
  95  10:16  Probe x2  
  97  10:25  Probe  
  97  10:27  Stalker x2  
  94  10:29  Observer (Chrono Boost)  
  94  10:32  Probe x2  
  94  10:33  Zealot x2  
  94  10:34  Pylon  
  101  10:37  Probe  
  101  10:42  Assimilator  
  102  10:44  Assimilator  
  102  10:50  High Templar x2  
  102  10:51  Probe  
  102  10:54  Warp Prism (Chrono Boost)  
  102  10:55  Archon  
  102  10:56  Probe  
  108  11:01  Probe  
  108  11:03  Probe, Pylon  
  110  11:05  Pylon  
  110  11:09  Stalker  
  110  11:10  Stalker  
  114  11:19  Pylon  
  114  11:20  Protoss Ground Weapons Level 1 (Chrono Boost)  
  114  11:22  Pylon  
  114  11:24  Pylon  
  112  11:27  Robotics Bay  
  112  11:28  Probe  
  112  11:32  Probe  
  104  11:43  High Templar x2  
  104  11:44  Zealot x5  
  104  11:46  Zealot  
  120  11:49  Archon  
  120  12:00  Probe  
  121  12:12  Zealot x6  
  121  12:13  Disruptor (Chrono Boost)  
  136  12:29  Dark Shrine  
  119  12:40  Disruptor (Chrono Boost)  
  84  13:05  Sentry x4  
  92  13:06  Disruptor (Chrono Boost)  
  94  13:30  Pylon  
  94  13:33  Pylon  
  94  13:35  Pylon  
  94  13:50  Nexus  
  94  13:52  Pylon  
  94  13:54  Dark Templar  
  92  14:10  Dark Templar  
  92  14:11  Dark Templar  
  67  14:39  Zealot x2  
Show
View Real Time Build Order
Export as new Build Order

Kelazhur Terran 

Build Orders: Cyclone Opening 

Get SALT Encoding   

  12  0:00  SCV  
  13  0:12  SCV  
  14  0:18  Supply Depot  
  14  0:24  SCV  
  15  0:40  SCV  
  15  0:41  Barracks  
  16  0:46  Refinery  
  16  0:52  SCV  
  16  0:56  Refinery  
  17  1:04  SCV  
  18  1:16  SCV  
  19  1:28  Orbital Command, Reaper  
  20  1:33  Engineering Bay  
  20  1:46  Factory  
  21  1:54  SCV  
  21  1:57  Supply Depot  
  21  2:06  SCV, Reaper  
  23  2:19  SCV  
  24  2:24  Supply Depot  
  24  2:29  Factory Tech Lab  
  24  2:31  SCV  
  25  2:44  SCV  
  26  2:48  Cyclone  
  29  2:56  SCV  
  30  3:06  Starport  
  30  3:08  SCV  
  31  3:16  Command Center  
  31  3:20  SCV  
  31  3:25  Cyclone  
  35  3:32  SCV  
  36  3:34  Supply Depot  
  36  3:46  Barracks  
  36  3:47  SCV, Barracks  
  37  4:03  SCV  
  41  4:13  Factory Tech Lab  
  41  4:15  Raven, SCV  
  41  4:23  Command Center  
  40  4:28  SCV  
  40  4:30  Orbital Command  
  41  4:37  Siege Tank  
  44  4:40  SCV  
  44  4:45  Barracks Reactor  
  45  4:46  Barracks Reactor  
  45  4:52  SCV  
  46  5:04  SCV  
  46  5:05  SCV  
  47  5:11  Marine  
  48  5:16  Siege Tank  
  49  5:25  SCV  
  49  5:26  Marine  
  50  5:28  Marine  
  49  5:36  Orbital Command  
  46  5:48  Siege Tank  
  45  5:56  Banshee  
  45  6:04  SCV  
  40  6:09  Orbital Command  
  36  6:17  SCV  
  36  6:22  SCV  
  37  6:28  Marine x4  
  37  6:29  SCV  
  37  6:30  Barracks Tech Lab  
  42  6:34  SCV  
  43  6:41  SCV  
  43  6:46  SCV  
  45  6:47  SCV  
  45  6:48  Marine  
  45  6:49  Marine  
  47  6:55  SCV  
  47  6:56  Marine  
  47  6:58  SCV  
  50  7:01  SCV  
  50  7:06  Marine  
  48  7:11  Marine, SCV  
  43  7:16  Siege Tank  
  43  7:22  SCV  
  44  7:25  Marine x2  
  44  7:28  SCV  
  44  7:29  SCV  
  47  7:34  SCV  
  47  7:37  Marine x2  
  47  7:38  Marine  
  47  7:40  SCV  
  47  7:42  SCV  
  51  7:47  SCV  
  51  7:48  Marine  
  51  7:49  Marine  
  53  7:58  SCV  
  51  8:00  SCV  
  51  8:02  SCV  
  51  8:03  Banshee  
  51  8:05  Cloaking Field  
  53  8:10  Stimpack  
  53  8:11  SCV  
  53  8:12  SCV  
  55  8:14  SCV  
  56  8:23  SCV  
  56  8:26  Marine x2  
  59  8:29  Marine  
  60  8:36  Siege Tank  
  60  8:37  SCV x3  
  60  8:39  Marine  
  66  8:46  Refinery x2  
  66  8:49  SCV x3  
  66  8:50  Marine  
  66  8:51  Marine  
  66  8:52  Marine  
  66  8:53  Supply Depot x2  
  66  8:55  Banshee  
  74  9:01  SCV x2  
  74  9:02  SCV, Supply Depot  
  77  9:06  Supply Depot  
  77  9:14  Marine  
  77  9:16  Marine  
  79  9:18  Marine x2  
  79  9:20  Marine  
  79  9:21  SCV  
  83  9:32  SCV, Marine  
  83  9:34  Marine, SCV  
  83  9:36  Marine  
  83  9:37  Siege Tank  
  91  9:44  Engineering Bay  
  91  9:46  Marine, Barracks x2  
  91  9:47  Marine  
  91  9:50  Marine  
  94  9:53  Starport Reactor, Supply Depot  
  94  9:54  Combat Shield  
  94  9:56  Marine x2  
  94  9:57  SCV x2  
  98  10:07  Marine x2, Marauder  
  98  10:09  SCV x2  
  104  10:20  Orbital Command  
  104  10:21  SCV  
  104  10:25  Marine  
  105  10:28  Marine  
  105  10:29  SCV, Marauder  
  105  10:33  SCV  
  110  10:38  Marine  
  110  10:41  SCV, Terran Infantry Weapons Level 1  
  112  10:44  Armory, Engineering Bay  
  112  10:46  SCV  
  112  10:47  SCV  
  114  10:50  Marauder  
  114  10:53  SCV, Supply Depot  
  114  10:55  Barracks Tech Lab x2  
  114  10:56  Supply Depot  
  117  11:05  Marine x4, Medivac x2  
  117  11:08  Ghost Academy  
  125  11:13  Concussive Shells  
  125  11:14  Marine  
  125  11:15  Marauder  
  128  11:32  Marauder  
  130  11:38  Medivac x2  
  127  11:42  Marine, Marauder  
  127  11:43  Marine x3, Marauder  
  127  11:46  Terran Infantry Armor Level 1  
  135  11:51  Supply Depot x2, Refinery x2  
  135  11:53  Marine  
  136  11:55  Liberator  
  136  11:56  Liberator  
  136  12:00  Marine  
  137  12:04  Marauder  
  139  12:09  Marauder  
  139  12:10  Marine  
  139  12:11  Siege Tank  
  146  12:21  Supply Depot  
  146  12:22  Supply Depot  
  135  12:38  Supply Depot  
  135  12:39  Supply Depot  
  131  12:46  Marine  
  50  13:42  Command Center  
  50  13:44  Orbital Command  
Tags
 
Add a new tag
Caveats
  • Supply blocks, unpowered buildings, or Contaminate may cause inaccurate times.
  • Supply counts are checked every 10 seconds.